AoeStats
← Luid2026

Arabia

510161690Analyzed
1v1 RM · 1d ago on Sep 29, 2026· 55m 8s· 2 players
Game mode
Random Map
Map size
Tiny (2 player)
Population
200
Speed
Normal
Resources
Standard
Victory
Conquest
Starting age
Dark Age
Ending age
Imperial Age
RankedLock teamsTeams togetherTeam positionsShared explorationLock speedFull tech treeHidden civsTurbo modeCheats
Victory
Defeat
🇪🇨 Ethiopians · Ecuador
645
+15
🇭🇷 Britons · Croatia
615
-15
Your Mama
9:32 Feudal Age
12:08 Horse Collar
17:29 Fletching
23:33 Castle Age
22:36 Double-Bit Axe
24:21 Padded Archer Armor
24:16 Bodkin Arrow
23:57 Elite Skirmisher
25:58 Crossbowman
30:40 Bow Saw
30:34 Heavy Plow
34:10 Stone Mining
34:12 Gold Mining
37:27 Wheelbarrow
37:32 Squires
36:55 Pikeman
40:19 Husbandry
40:27 Scale Barding Armor
40:41 Leather Archer Armor
53:15 Man-at-Arms
53:40 Gambesons
Luid2026
5:56 Loom
10:59 Feudal Age
11:27 Double-Bit Axe
11:24 Horse Collar
15:19 Padded Archer Armor
15:11 Fletching
15:36 Arson
17:11 Man-at-Arms
23:50 Castle Age
25:29 Leather Archer Armor
25:16 Scale Mail Armor
25:00 Elite Skirmisher
25:03 Crossbowman
26:09 Heavy Plow
26:51 Forging
29:52 Ballistics
30:56 Thumb Ring
30:52 Bodkin Arrow
31:31 Squires
32:38 Murder Holes
33:36 Bow Saw
34:50 Wheelbarrow
34:40 Gold Mining
34:40 Stone Mining
36:38 Chain Mail Armor
41:43 Hand Cart
43:59 Imperial Age
44:45 Torsion Engines
45:27 Capped Ram
46:17 Halberdier
47:51 Conscription
47:05 Sappers
47:36 Royal Heirs
49:44 Chemistry
48:50 Siege Engineers
48:56 Masonry
54:06 Arbalester
55:44 Architecture
55:05 Heated Shot
55:26 Fortified Wall
55:51 Ring Archer Armor
55:23 Bracer
Connection lost

Rejoining the realm…

Still unreachable

The connection could not be restored.

Session expired

The server has moved on; the page needs a fresh start.